 Dungeon Crawl Stone Soup version 0.19-a0-1127-gac58878 (webtiles) character file.

51 st0uf the Insei (level 3, -9/28 HPs)
             Began as a Draconian Transmuter on Aug 12, 2016.
             Mangled by Sigmund
             ... wielding a cursed -1 scythe
              (10 damage)
             ... on level 2 of the Dungeon.
             The game lasted 00:06:28 (1234 turns).

st0uf the Insei (Draconian Transmuter)              Turns: 1234, Time: 00:06:29

Health: -9/28      AC:  5    Str: 12    XL:     3   Next: 58%
Magic:  6/6        EV: 12    Int: 13    God:
Gold:   54         SH:  0    Dex: 12    Spells: 1 memorised, 5 levels left

rFire  . . .     SeeInvis .       - Unarmed
rCold  . . .     Gourm    .     (armour unavailable)
rNeg   . . .     Faith    .     (no shield)
rPois  .         Spirit   .     (helmet restricted)
rElec  .         Dismiss  .     (no cloak)
rCorr  .         Reflect  .     (no gloves)
SustAt .         Harm     .     (no boots)
MR     .....                    (no amulet)
Stlth  +.........               (no ring)
                                (no ring)

@: appendage (expiring)
A: unfitting armour, horns 2, cold-blooded, AC +5
a: End Transformation


You were on level 2 of the Dungeon.
You were not hungry.
You had grown temporary horns.
You visited 1 branch of the dungeon, and saw 2 of its levels.

You collected 54 gold pieces.

Inventory:

Missiles
 a - 12 arrows
Jewellery
 j - a +5 ring of intelligence {unknown}
Scrolls
 d - a scroll of remove curse {unknown}
 e - 4 scrolls of identify {unknown}
 g - a scroll of enchant weapon {unknown}
 i - a scroll of immolation {unknown}
Potions
 k - a potion of might {unknown}
 l - a potion of cancellation {unknown}
 m - a potion of heal wounds {unknown}
Books
 b - a book of Changes

   Spells                             Type                      Level
   a - Beastly Appendage              Transmutation                1
   b - Sticks to Snakes               Transmutation                2
   c - Spider Form                    Transmutation/Poison         3
   d - Ice Form                       Ice/Transmutation            4
   e - Blade Hands                    Transmutation                5
Comestibles
 c - 2 bread rations
 f - a chunk of flesh
 h - a meat ration


   Skills:
 + Level 1.2 Fighting
 + Level 2.2 Dodging
 + Level 0.2 Stealth
 + Level 3.7 Unarmed Combat
 + Level 2.3 Spellcasting
 + Level 2.4 Transmutations


You had 5 spell levels left.
You knew the following spells:

 Your Spells              Type           Power        Failure   Level  Hunger
a - Beastly Appendage     Tmut           #.....       10%         1    #......


Dungeon Overview and Level Annotations

Branches:
Dungeon (2/15)

Altars:

Annotations:
D:2 Jessica, Sigmund


Innate Abilities, Weirdness & Mutations

Your plain brown scales are hard. (AC +5)
Your body does not fit into most forms of armour.
You are cold-blooded and may be slowed by cold attacks.
You have a pair of horns on your head.


Message History

Deactivating autopickup; reactivate with Ctrl-A.
You bump into the rock wall.
Something hits you.
You bump into the rock wall.
You hear some strange, mumbled words.
A puff of flame appears from out of thin air!
The puff of flame misses you.
You're too confused to move!
Your transformation is almost over.
Something hits you!
* * * LOW HITPOINT WARNING * * *
You bump into the rock wall.
You feel less confused.
You hit something but do no damage.
Your tail-slap misses something.
You hear some strange, mumbled words.
A magic dart appears from out of thin air!
The magic dart hits you!
* * * LOW HITPOINT WARNING * * *
You miss something. You headbutt something. You tail-slap something.
Something hits you!
You die...

#.# .....## ##'##
......# ##...#
.....# ##..... ....#
##......
....####.......
.......+.......
#####†...# #.....(.
#..@{@...# ##......
#.###.##.# ##.....
#.# .##.# ##...# #.#
..#.# ##'## #.#
#.#.# #.# #.# #.#.#
#†#
#.####.#.########.##
#....(.........#...#
######......##...†..


You could see Jessica.

Vanquished Creatures
  A gnoll (D:1)
  2 dart slugs (D:1)
  A giant gecko (D:1)
  3 giant cockroaches (D:2)
  5 goblins (D:1)
  5 hobgoblins
  5 bats
  3 giant newts (D:1)
  8 kobolds (D:1)
  2 rats
35 creatures vanquished.

Notes
Turn   | Place    | Note
-------+----------+-------------------------------------------
     0 | D:1      | st0uf the Draconian Transmuter began the quest for the Orb.
     0 | D:1      | Reached XP level 1. HP: 16/16 MP: 3/3
   305 | D:1      | Reached XP level 2. HP: 21/23 MP: 3/5
   580 | D:1      | Reached XP level 3. HP: 26/28 MP: 4/6
  1203 | D:2      | Noticed Sigmund
  1207 | D:2      | Noticed Jessica
  1233 | D:2      | HP: 1/28 [something/magic dart (4)]
  1234 | D:2      | Mangled by Sigmund

Vault maps used:
D:1:      evilmike_arrival_plus
D:2:      uniq_jessica, uniq_sigmund

Skill      XL: |  1  2 |
---------------+-------+-----
Dodging        | 2 |  2.2
Fighting       | |  1.2
Stealth        | |  0.2
Unarmed Combat | |  3.7
Spellcasting   | |  2.3
Transmutations | |  2.4

Action                   || total
-------------------------++-------
Melee: Unarmed           ||   114
       Kick              ||     7
       Headbutt          ||    11
       Tailslap          ||    13
       Punch             ||     1
 Cast: Beastly Appendage ||    28
  Eat: Chunk             ||     2
Armor: Skin              ||    30
Dodge: Dodged            ||    57
